 Dungeon Crawl Stone Soup version 0.31-a0-182-gc5ef74bbde (webtiles) character file.

Game seed: 1258277839049378026

36364 qw the Cleaver (level 13, -6/84 HPs)
             Began as a Gargoyle Fighter on June 20, 2023.
             Was an Elder of Okawaru.
             Mangled by a cane toad (15 damage)
             ... on level 4 of the Lair of Beasts.
             The game lasted 00:07:12 (13556 turns).

qw the Cleaver (Gargoyle Fighter)                  Turns: 13556, Time: 00:07:13

Health: -6/84      AC: 41    Str: 30    XL:     13   Next: 89%
Magic:  20/20      EV: 12    Int:  8    God:    Okawaru [****..]
Gold:   920        SH:  7    Dex: 14    Spells: 12/12 levels left

rFire   . . .        Y - +2 war axe (protect)
rCold   . . .        c - +0 buckler
rNeg    + . .        y - +0 plate armour
rPois   inf          f - +2 helmet
rElec   +            o - scarf {repulsion}
rCorr   .            (no gloves)
SInv    +            l - +3 pair of seven-league boots {Rampage+∞}
Will    .....        (no amulet) Stlth
                     h - ring "Azeant" {Drain Fly Str+4 Dex+5}
HPRegen 0.34/turn    w - ring of see invisible
MPRegen 0.17/turn

%: repel missiles, rampage+inf
@: about to teleport, heroic, under a protective aura, flying
A: sickness immunity, AC +9, negative energy resistance 1, electricity
resistance, torment resistance 1, petrification resistance
a: Renounce Religion, Heroism, Finesse


You were on level 4 of the Lair of Beasts.
You worshipped Okawaru.
Okawaru was greatly pleased with you.
You visited 3 branches of the dungeon, and saw 16 of its levels.
You also visited: Sewer.

You collected 985 gold pieces.
You spent 65 gold pieces at shops.


Innate Abilities, Weirdness & Mutations

You are immune to sickness and miasma.
Your stone body is resilient. (AC +9)
You are immune to poison.
You resist negative energy. (rN+)
You are resistant to electric shocks. (rElec)
You are resistant to unholy torment.
You are immune to petrification.


   Skills:
 - Level 11.0(16.0) Fighting
 - Level 14.0(19.0) Axes
 + Level 5.2(10.2) Throwing
 - Level 10.0(15.0) Armour
 - Level 3.3(8.3) Dodging
 - Level 7.0(12.0) Shields
 - Level 10.1 Invocations


You had 12 spell levels left.
You didn't know any spells.
Your spell library was empty.

Inventory:

Hand Weapons
 r - a +0 hand axe of flaming
 Y - a +2 war axe of protection (weapon)
Missiles
 i - a silver javelin (quivered)
 j - a javelin
 m - 4 boomerangs
Armour
 c - a +0 buckler (worn)
 f - a +2 helmet (worn)
 l - the +3 pair of seven-league boots (worn) {Rampage+∞}
   (Okawaru gifted it to you on level 3 of the Lair of Beasts)

   Rampage+∞: When moving toward enemies, its wearer moves as far as possible,
   alerting their target en route.
 o - a scarf of repulsion (worn)
 p - a +2 cloak
 y - a +0 plate armour (worn)
Jewellery
 h - the ring "Azeant" (left hand) {Drain Fly Str+4 Dex+5}
   (You found it on level 6 of the Dungeon)

   [ring of flight]

   Str:       It affects your strength (+4).
   Dex:       It affects your dexterity (+5).
   Fly:       It grants you flight.
   Drain:     It drains your maximum health when unequipped.
 k - a ring of resist corrosion
 s - a ring of positive energy
 w - a ring of see invisible (right hand)
Scrolls
 a - 9 scrolls of identify
 b - 6 scrolls of teleportation
Potions
 d - 7 potions of might
 e - a potion of heal wounds
 g - 6 potions of enlightenment
 n - 2 potions of mutation
 q - 2 potions of magic
 t - a potion of cancellation
 u - 2 potions of attraction
 v - 4 potions of curing
 z - a potion of haste

Dungeon Overview and Level Annotations

Branches:
Dungeon (11/15)            Temple (1/1) D:7            Lair (4/5) D:11
 Shoals (0/4) Lair:3        Snake (0/4) Lair:2          Orc (0/2) D:11
  Sewer (visited)
  Slime: Lair:4-5

Altars:
Ashenzari
Cheibriados
Dithmenos
Elyvilon
Fedhas
Gozag
Hepliaklqana
Kikubaaqudgha
Makhleb
Nemelex Xobeh
Okawaru
Qazlal
Ru
Sif Muna
Trog
Uskayaw
Vehumet
Wu Jian
Yredelemnul
Zin
The Shining One

Shops:
D:2 *   D:7 [

Annotations:
D:3 exclusion: endoplasm
D:11 2 transporters, theguy1's ghost, journeyman MiFi


Message History

You block the death yak's attack. The death yak barely misses you.
You slash the death yak!
The death yak is almost dead.
You hit the death yak. You barely miss the cane toad.
You hit the death yak but do no damage. The cane toad stings you!
You hit the death yak.
The death yak is almost dead.
You hit the death yak but do no damage. You hit the cane toad.
You slash the death yak!
The death yak gores you but does no damage.
The death yak gores you! The death yak closely misses you.
The cane toad stings you but does no damage.
You slash the death yak!
You kill the death yak!
Okawaru accepts your kill.
You barely miss the death yak. You slash the death yak! You hit the cane toad.
The death yak barely misses you. The death yak gores you.
The cane toad stings you but does no damage.
You hit the death yak.
The death yak is severely wounded.
You hit the death yak. You hit the cane toad.
The cane toad stings you but does no damage.
You slash the death yak!
The death yak is almost dead.
You slash the death yak! You barely miss the cane toad.
The death yak gores you but does no damage.
You block the death yak's attack.
You slice the death yak!!
You kill the death yak!
Okawaru accepts your kill.
You slash the death yak! You hit the cane toad but do no damage.
The cane toad stings you!
The death yak gores you but does no damage.
Your base Armour skill increases to level 10!
13556 ||| READING 7 scrolls of teleportation.
As you read the scroll of teleportation, it crumbles to dust.
You feel strangely unstable. The cane toad stings you!
You die...

##. ... #... ## #..##..
# #...... .. #.. #
#..#... ..##.# #
.##.....## ##.#... #
........P####..##.## #
......Y.%.......#.P# #
).....F@.####...#.# #
.P.......#P###.P.%######
.....P..........%.#.PP.#
........................
.....##........###.PP#P.
.#............># #####..
#.#.########### ### ..#


You could see a death yak and a cane toad.

Vanquished Creatures
  Harold (D:9)
  Erolcha (D:9)
  A hydra (Lair:3)
  3 two-headed ogres
  10 death yaks
  A skyshark (Lair:3)
  Amaemon (D:9)
  A deep elf pyromancer (D:10)
  A manticore (D:11)
  A cyclops (D:11)
  5 elephants (Lair:2)
  A black mamba (Lair:4)
  A torpor snail (Lair:3)
  An orange demon (D:9)
  2 cane toads
  3 rime drakes
  3 komodo dragons
  A troll (D:10)
  2 hornets (D:9)
  4 blink frogs
  4 dream sheep (Lair:3)
  4 slime creatures (D:11)
  6 wyverns
  3 shadows
  A vampire (D:10)
  2 wraiths (D:11)
  51 yaks
  A basilisk (Lair:3)
  2 steam dragons
  Edmund (D:6)
  An acid dragon (D:6)
  9 water moccasins
  7 orc warriors
  3 black bears
  An ice beast (D:7)
  3 wolves (Lair:4)
  8 centaurs
  2 ogres
  2 phantoms (D:6)
  3 kobold brigands
  12 bullfrogs
  Blork the orc (D:6)
  4 scorpions
  A water moccasin zombie (D:6)
  A wyvern zombie (D:6)
  11 wights
  11 killer bees
  6 howler monkeys
  3 bullfrog zombies (D:6)
  7 hounds
  9 jellies
  7 orc priests
  A gnoll bouda (D:7)
  3 sleepcaps
  2 iguanas
  Terence (D:2)
  8 orc wizards
  7 hell rats (Lair:4)
  A killer bee zombie (D:6)
  4 gnolls (D:7)
  8 adders
  3 river rats
  A white imp (D:7)
  An ufetubus (D:7)
  2 worms
  4 dart slugs
  41 orcs
  11 ball pythons
  26 endoplasms
  2 giant cockroaches (Sewer)
  11 goblins
  7 hobgoblins
  2 jackals (D:3)
  20 kobolds
  5 quokkas
  6 bats
  5 frilled lizards
  11 rats
424 creatures vanquished.

Notes
Turn   | Place    | Note
-------+----------+-------------------------------------------
     0 | D:1      | qw the Gargoyle Fighter began the quest for the Orb.
     0 | D:1      | Reached XP level 1. HP: 14/14 MP: 1/1
     0 | D:1      | 0 ||| qw: Version: 0.3-a-9-g12657ce
     0 | D:1      | 0 ||| qw: Game counter: 1360
     0 | D:1      | 0 ||| qw: Always use a shield: true
     0 | D:1      | 0 ||| qw: God list: Okawaru
     0 | D:1      | 0 ||| qw: Allow faded altars: false
     0 | D:1      | 0 ||| qw: Do Orc after D:15 true
     0 | D:1      | 0 ||| qw: Do second Lair branch before Depths: true
     0 | D:1      | 0 ||| qw: Lair rune preference: random
     0 | D:1      | 0 ||| qw: Plans: Normal, Zot:1-4, Slime:5, God:TSO, Crypt,
                  | Tomb, Abyss, Pan, Hells, Win
     0 | D:1      | 0 ||| PLANNING D:1-11
    21 | D:1      | 21 ||| Stepping ~*~*~tactically~*~*~ (stealth).
    27 | D:1      | Reached skill level 2 in Axes
   106 | D:1      | Reached XP level 2. HP: 19/19 MP: 2/2
   284 | D:1      | 284 ||| Stepping ~*~*~tactically~*~*~ (stealth).
   302 | D:1      | Reached skill level 3 in Axes
   315 | D:1      | 315 ||| Stepping ~*~*~tactically~*~*~ (hiding).
   327 | D:1      | Reached XP level 3. HP: 23/23 MP: 3/3
   559 | D:1      | 559 ||| FLEEEEING.
   686 | D:1      | 686 ||| UPGRADING to +0 chain mail.
   696 | D:1      | 696 ||| DROPPING +0 scale mail.
   697 | D:1      | 697 ||| READING scroll labelled YTHRIS QAADELAMM.
   701 | D:1      | 701 ||| DRINKING 2 pink potions.
   702 | D:1      | 702 ||| DRINKING 2 coppery potions.
   783 | D:2      | HP: 4/23 [acid (4)]
   785 | D:2      | Reached skill level 4 in Axes
   785 | D:2      | Reached XP level 4. HP: 6/28 MP: 4/4
   900 | D:2      | Reached XP level 5. HP: 19/32 MP: 5/5
  1015 | D:2      | Found Tiduerph's General Store.
  1032 | D:2      | 1032 ||| SHOPLISTING +2 whip of flaming (214 gold, have
                  | 103).
  1032 | D:2      | 1032 ||| SHOPLISTING potion of mutation (104 gold, have
                  | 103).
  1032 | D:2      | 1032 ||| SHOPLISTING scroll of brand weapon (123 gold, have
                  | 103).
  1032 | D:2      | 1032 ||| BUYING scroll of identify (26 gold).
  1032 | D:2      | Bought a scroll of identify for 26 gold pieces
  1032 | D:2      | 1032 ||| BUYING scroll of teleportation (39 gold).
  1032 | D:2      | Bought a scroll of teleportation for 39 gold pieces
  1042 | D:2      | 1042 ||| DROPPING +0 club.
  1130 | D:2      | Reached skill level 5 in Axes
  1136 | D:2      | 1136 ||| DROPPING +0 whip.
  1227 | D:2      | 1227 ||| Stepping ~*~*~tactically~*~*~ (stealth).
  1390 | D:2      | Noticed Terence
  1400 | D:2      | Killed Terence
  1468 | D:2      | Found a basalt altar of Yredelemnul.
  1555 | D:2      | Identified the +9 hand axe "Tudd" {elec, rC+ Str+4}
  1557 | D:2      | 1557 ||| SWAPPING to +9 hand axe "Tudd" {elec, rC+ Str+4}.
  1751 | D:2      | 1751 ||| READING 4 scrolls of identify.
  1751 | D:2      | 1751 ||| IDENTIFYING golden potion
  1752 | D:2      | 1752 ||| READING 3 scrolls of identify.
  1752 | D:2      | 1752 ||| IDENTIFYING fuming brown potion
  1753 | D:2      | 1753 ||| DROPPING potion of degeneration.
  1754 | D:2      | 1754 ||| DROPPING potion of berserk rage.
  1783 | D:3      | 1783 ||| PLANNING SEWER
  1788 | D:3      | Found a hazy altar of Hepliaklqana.
  1790 | D:3      | 1790 ||| Stepping ~*~*~tactically~*~*~ (hiding).
  1920 | D:3      | 1920 ||| FLEEEEING.
  1921 | D:3      | 1921 ||| FLEEEEING.
  1922 | D:3      | 1922 ||| FLEEEEING.
  2042 | D:3      | 2042 ||| Stepping ~*~*~tactically~*~*~ (stealth).
  2065 | D:3      | 2065 ||| Stepping ~*~*~tactically~*~*~ (hiding).
  2115 | D:3      | Reached XP level 6. HP: 38/38 MP: 6/6
  2217 | D:3      | Found a glowing drain.
  2218 | D:3      | 2218 ||| UPGRADING to +1 helmet.
  2231 | D:3      | 2231 ||| READING 4 scrolls of identify.
  2231 | D:3      | 2231 ||| IDENTIFYING sapphire potion
  2236 | D:3      | 2236 ||| Stepping ~*~*~tactically~*~*~ (stealth).
  2250 | Sewer    | Entered a sewer
  2274 | Sewer    | 2274 ||| Stepping ~*~*~tactically~*~*~ (stealth).
  2320 | Sewer    | 2320 ||| Stepping ~*~*~tactically~*~*~ (stealth).
  2409 | Sewer    | Found a viscous altar of Jiyva.
  2446 | Sewer    | 2446 ||| Stepping ~*~*~tactically~*~*~ (water).
  2457 | Sewer    | 2457 ||| Stepping ~*~*~tactically~*~*~ (water).
  2460 | Sewer    | Reached skill level 6 in Axes
  2533 | Sewer    | 2533 ||| UPGRADING to scarf of repulsion.
  2538 | Sewer    | 2538 ||| READING 3 scrolls labelled XOEFRO ISSIKHU.
  2539 | Sewer    | 2539 ||| DRINKING 2 yellow potions.
  2540 | Sewer    | 2540 ||| READING 5 scrolls of identify.
  2540 | Sewer    | 2540 ||| IDENTIFYING blue potion
  2541 | Sewer    | 2541 ||| DROPPING potion of brilliance.
  2542 | Sewer    | 2542 ||| DROPPING 2 scrolls of fog.
  2558 | D:3      | 2558 ||| PLANNING D:1-11
  2655 | D:3      | 2655 ||| READING scroll labelled VUPTIT KUTEKK.
  2656 | D:3      | 2656 ||| READING 4 scrolls of identify.
  2656 | D:3      | 2656 ||| IDENTIFYING inky potion
  2716 | D:3      | Identified the +2 scale mail "Havvocse" {+Blink Int-2 Dex+8
                  | Slay-6}
  2979 | D:3      | 2979 ||| DROPPING +2 scale mail "Havvocse" {+Blink Int-2
                  | Dex+8 Slay-6}.
  2980 | D:3      | 2980 ||| READING 3 scrolls labelled XOITOXT TUCVAPH.
  2981 | D:3      | 2981 ||| DROPPING potion of ambrosia.
  2982 | D:3      | 2982 ||| DROPPING 2 scrolls of immolation.
  3165 | D:4      | Noticed a black bear
  3166 | D:4      | Reached skill level 1 in Dodging
  3170 | D:4      | Reached XP level 7. HP: 43/43 MP: 7/7
  3268 | D:4      | Found a hide-covered altar of Uskayaw.
  3268 | D:4      | Found a snail-covered altar of Cheibriados.
  3269 | D:4      | Found a shimmering blue altar of Sif Muna.
  3531 | D:4      | Reached skill level 7 in Axes
  3563 | D:4      | 3563 ||| DROPPING ring of flight.
  3564 | D:4      | 3564 ||| UPGRADING to ring of resist corrosion.
  3565 | D:4      | 3565 ||| READING scroll labelled INGIAD NOUNE.
  3566 | D:4      | 3566 ||| READING 4 scrolls of identify.
  3566 | D:4      | 3566 ||| IDENTIFYING sedimented black potion
  3567 | D:4      | 3567 ||| READING 3 scrolls of identify.
  3567 | D:4      | 3567 ||| IDENTIFYING viscous ruby potion
  3585 | D:5      | Entered Level 5 of the Dungeon
  3592 | D:5      | 3592 ||| DRINKING potion of curing.
  3592 | D:5      | 3592 ||| (to cure confusion)
  3619 | D:5      | Found a glowing golden altar of the Shining One.
  3663 | D:5      | Reached XP level 8. HP: 49/49 MP: 8/8
  3677 | D:5      | 3677 ||| DROPPING +0 mace.
  3744 | D:5      | Noticed a shadow
  3760 | D:5      | Killed a shadow
  3761 | D:5      | Reached skill level 8 in Axes
  3793 | D:5      | Found a broken altar of Ashenzari.
  4036 | D:5      | Reached skill level 6 in Fighting
  4286 | D:5      | 4286 ||| UPGRADING to ring of see invisible.
  4287 | D:5      | 4287 ||| READING scroll labelled TAPADE DEFOXT.
  4288 | D:5      | 4288 ||| READING scroll labelled YNIKIO XIBB.
  4289 | D:5      | 4289 ||| READING scroll labelled XYMUIDI MOUZEE.
  4439 | D:6      | Reached skill level 1 in Throwing
  4453 | D:6      | Noticed Blork the orc
  4456 | D:6      | Killed Blork the orc
  4593 | D:6      | 4593 ||| Stepping ~*~*~tactically~*~*~ (stealth).
  4602 | D:6      | Reached XP level 9. HP: 53/55 MP: 9/9
  4609 | D:6      | Reached skill level 9 in Axes
  4809 | D:6      | HP: 11/56 [wyvern (13)]
  4810 | D:6      | 4810 ||| READING 3 scrolls of teleportation.
  4810 | D:6      | HP: 4/56 [wyvern (7)]
  4811 | D:6      | 4811 ||| DRINKING potion of heal wounds.
  4815 | D:6      | 4815 ||| FLEEEEING.
  4816 | D:6      | 4816 ||| FLEEEEING.
  4817 | D:6      | 4817 ||| FLEEEEING.
  4818 | D:6      | 4818 ||| FLEEEEING.
  4819 | D:6      | 4819 ||| FLEEEEING.
  4820 | D:6      | 4820 ||| FLEEEEING.
  4821 | D:6      | 4821 ||| FLEEEEING.
  4822 | D:6      | 4822 ||| FLEEEEING.
  4823 | D:6      | 4823 ||| FLEEEEING.
  4824 | D:6      | 4824 ||| FLEEEEING.
  4825 | D:6      | 4825 ||| FLEEEEING.
  4826 | D:6      | 4826 ||| FLEEEEING.
  4829 | D:6      | 4829 ||| FLEEEEING.
  4830 | D:6      | 4830 ||| FLEEEEING.
  4831 | D:6      | 4831 ||| FLEEEEING.
  4832 | D:6      | 4832 ||| FLEEEEING.
  4834 | D:6      | 4834 ||| FLEEEEING.
  4835 | D:6      | 4835 ||| FLEEEEING.
  4836 | D:6      | 4836 ||| FLEEEEING.
  4838 | D:6      | 4838 ||| FLEEEEING.
  4839 | D:6      | 4839 ||| FLEEEEING.
  4841 | D:6      | 4841 ||| STAIRDANCE
  5013 | D:6      | Identified the ring "Azeant" {Drain Fly Str+4 Dex+5}
  5119 | D:6      | 5119 ||| Stepping ~*~*~tactically~*~*~ (hiding).
  5153 | D:6      | 5153 ||| Stepping ~*~*~tactically~*~*~ (hiding).
  5189 | D:6      | Noticed Edmund
  5195 | D:6      | Killed Edmund
  5390 | D:6      | Reached skill level 10 in Axes
  5544 | D:6      | Found a basalt altar of Yredelemnul.
  5568 | D:6      | 5568 ||| UPGRADING to ring "Azeant" {Drain Fly Str+4
                  | Dex+5}.
  5570 | D:6      | 5570 ||| READING scroll labelled QOIGUI BUWUONN.
  5651 | D:7      | 5651 ||| Stepping ~*~*~tactically~*~*~ (hiding).
  5656 | D:7      | Reached XP level 10. HP: 64/64 MP: 10/10
  5929 | D:7      | 5929 ||| Stepping ~*~*~tactically~*~*~ (hiding).
  5932 | D:7      | 5932 ||| Stepping ~*~*~tactically~*~*~ (hiding).
  5937 | D:7      | 5937 ||| Stepping ~*~*~tactically~*~*~ (hiding).
  5938 | D:7      | 5938 ||| Stepping ~*~*~tactically~*~*~ (hiding).
  5941 | D:7      | 5941 ||| Stepping ~*~*~tactically~*~*~ (hiding).
  5942 | D:7      | 5942 ||| Stepping ~*~*~tactically~*~*~ (hiding).
  5943 | D:7      | 5943 ||| Stepping ~*~*~tactically~*~*~ (hiding).
  5961 | D:7      | 5961 ||| Stepping ~*~*~tactically~*~*~ (stealth).
  5962 | D:7      | Found a staircase to the Ecumenical Temple.
  5963 | D:7      | 5963 ||| PLANNING TEMPLE
  5973 | D:7      | 5973 ||| READING scroll labelled POAPTULLE KIEWNEI.
  5974 | D:7      | Found a faded altar of an unknown god.
  5981 | Temple   | Entered the Ecumenical Temple
  6125 | Temple   | 6125 ||| PLANNING OKAWARU WORSHIP
  6157 | Temple   | Became a worshipper of Warmaster Okawaru
  6158 | Temple   | 6158 ||| PLANNING D:1-11
  6204 | D:7      | 6204 ||| Stepping ~*~*~tactically~*~*~ (stealth).
  6326 | D:7      | 6326 ||| DROPPING +0 flail.
  6580 | D:7      | 6580 ||| Stepping ~*~*~tactically~*~*~ (stealth).
  6598 | D:7      | Found Nabu's Dragon-Slaying Spoils.
  6605 | D:7      | 6605 ||| SHOPLISTING +0 fire dragon scales (660 gold, have
                  | 441).
  6605 | D:7      | 6605 ||| SHOPLISTING +0 ice dragon scales (660 gold, have
                  | 441).
  6605 | D:7      | 6605 ||| SHOPLISTING +0 pearl dragon scales (1100 gold,
                  | have 441).
  6605 | D:7      | 6605 ||| SHOPLISTING +1 shadow dragon scales of the
                  | Tormentor {-Tele rF- Int+8 Stlth++++} (1042 gold, have
                  | 441).
  6605 | D:7      | 6605 ||| SHOPLISTING +2 acid dragon scales (572 gold, have
                  | 441).
  6605 | D:7      | 6605 ||| SHOPLISTING +2 gold dragon scales "Jogofyga"
                  | {Rampage *Corrode rPois rF+ rC+ Int+9 Dex-5} (1097 gold,
                  | have 441).
  6605 | D:7      | 6605 ||| SHOPLISTING +2 storm dragon scales (1012 gold,
                  | have 441).
  6605 | D:7      | 6605 ||| SHOPLISTING quicksilver dragon scales (660 gold,
                  | have 441).
  6857 | D:7      | 6857 ||| READING scroll labelled XIXZYU SOESAE.
  6949 | D:8      | Found an opulent altar of Gozag.
  7068 | D:8      | 7068 ||| Stepping ~*~*~tactically~*~*~ (stealth).
  7070 | D:8      | 7070 ||| Stepping ~*~*~tactically~*~*~ (stealth).
  7130 | D:8      | Reached * piety under Okawaru
  7138 | D:8      | 7138 ||| INVOKING Heroism.
  7141 | D:8      | Reached skill level 11 in Axes
  7247 | D:8      | 7247 ||| READING scroll of enchant armour.
  7247 | D:8      | 7247 ||| ENCHANTING +1 helmet.
  7460 | D:8      | 7460 ||| READING scroll labelled GITIUVV DOUS.
  7497 | D:9      | 7497 ||| INVOKING Heroism.
  7499 | D:9      | Reached skill level 3 in Dodging
  7500 | D:9      | Reached skill level 1 in Invocations
  7620 | D:9      | Noticed Harold
  7621 | D:9      | 7621 ||| INVOKING Heroism.
  7623 | D:9      | 7623 ||| Stepping ~*~*~tactically~*~*~ (hiding).
  7625 | D:9      | Noticed Amaemon
  7637 | D:9      | 7637 ||| INVOKING Heroism.
  7639 | D:9      | Killed Harold
  7639 | D:9      | Reached ** piety under Okawaru
  7639 | D:9      | Killed Amaemon
  7639 | D:9      | Noticed an orange demon
  7640 | D:9      | Reached skill level 9 in Fighting
  7640 | D:9      | Reached XP level 11. HP: 38/71 MP: 7/14
  7701 | D:9      | 7701 ||| FLEEEEING.
  7780 | D:9      | 7780 ||| INVOKING Heroism.
  7791 | D:9      | 7791 ||| Stepping ~*~*~tactically~*~*~ (stealth).
  7808 | D:9      | Reached *** piety under Okawaru
  7867 | D:9      | 7867 ||| Stepping ~*~*~tactically~*~*~ (stealth).
  7868 | D:9      | 7868 ||| Stepping ~*~*~tactically~*~*~ (stealth).
  7992 | D:9      | Noticed Erolcha
  7993 | D:9      | 7993 ||| INVOKING Heroism.
  7995 | D:9      | 7995 ||| Stepping ~*~*~tactically~*~*~ (hiding).
  8004 | D:9      | Killed Erolcha
  8005 | D:9      | Reached skill level 12 in Axes
  8181 | D:9      | Reached **** piety under Okawaru
  8363 | D:9      | 8363 ||| READING 5 scrolls of identify.
  8363 | D:9      | 8363 ||| IDENTIFYING lumpy purple potion
  8371 | D:10     | Entered Level 10 of the Dungeon
  8407 | D:10     | Noticed a two-headed ogre
  8408 | D:10     | 8408 ||| INVOKING Heroism.
  8412 | D:10     | Killed a two-headed ogre
  8413 | D:10     | Reached skill level 6 in Armour
  8495 | D:10     | Noticed a two-headed ogre
  8496 | D:10     | 8496 ||| INVOKING Heroism.
  8505 | D:10     | Killed a two-headed ogre
  8547 | D:10     | 8547 ||| Stepping ~*~*~tactically~*~*~ (stealth).
  8549 | D:10     | 8549 ||| Stepping ~*~*~tactically~*~*~ (hiding).
  8560 | D:10     | Noticed a deep elf pyromancer
  8561 | D:10     | 8561 ||| Stepping ~*~*~tactically~*~*~ (stealth).
  8568 | D:10     | Killed a deep elf pyromancer
  8568 | D:10     | Received a gift from Okawaru
  8569 | D:10     | Reached skill level 6 in Shields
  8571 | D:10     | 8571 ||| Stepping ~*~*~tactically~*~*~ (stealth).
  8591 | D:10     | Found a white marble altar of Elyvilon.
  8640 | D:10     | 8640 ||| Stepping ~*~*~tactically~*~*~ (hiding).
  8641 | D:10     | 8641 ||| INVOKING Heroism.
  8837 | D:10     | 8837 ||| Stepping ~*~*~tactically~*~*~ (stealth).
  8838 | D:10     | 8838 ||| Stepping ~*~*~tactically~*~*~ (stealth).
  8842 | D:10     | 8842 ||| Stepping ~*~*~tactically~*~*~ (stealth).
  8851 | D:10     | 8851 ||| FLEEEEING.
  8852 | D:10     | 8852 ||| FLEEEEING.
  8853 | D:10     | 8853 ||| FLEEEEING.
  8854 | D:10     | 8854 ||| FLEEEEING.
  8855 | D:10     | 8855 ||| FLEEEEING.
  8856 | D:10     | 8856 ||| FLEEEEING.
  8860 | D:10     | Reached skill level 6 in Invocations
  8916 | D:10     | 8916 ||| STAIRDANCE
  8979 | D:9      | 8979 ||| UPGRADING to +0 plate armour.
  8989 | D:9      | 8989 ||| DROPPING +0 chain mail.
  9227 | D:11     | Noticed theguy1's ghost (journeyman MiFi)
  9274 | D:11     | Noticed a moth of wrath
  9284 | D:11     | Found a transporter.
  9306 | D:11     | Found a transporter.
  9318 | D:11     | 9318 ||| INVOKING Heroism.
  9328 | D:11     | Reached XP level 12. HP: 42/77 MP: 13/17
  9556 | D:11     | 9556 ||| Stepping ~*~*~tactically~*~*~ (stealth).
  9577 | D:11     | 9577 ||| INVOKING Heroism.
  9587 | D:11     | Reached ***** piety under Okawaru
  9690 | D:11     | Found a staircase to the Lair.
  9706 | D:11     | Noticed a two-headed ogre
  9717 | D:11     | Killed a two-headed ogre
  9718 | D:11     | Reached skill level 3 in Throwing
  9903 | D:11     | 9903 ||| Stepping ~*~*~tactically~*~*~ (stealth).
  9912 | D:11     | Reached skill level 9 in Invocations
  9995 | D:11     | 9995 ||| Stepping ~*~*~tactically~*~*~ (stealth).
  9997 | D:11     | 9997 ||| Stepping ~*~*~tactically~*~*~ (stealth).
 10002 | D:11     | Found a staircase to the Orcish Mines.
 10014 | D:11     | Received a gift from Okawaru
 10015 | D:11     | 10015 ||| INVOKING Heroism.
 10059 | D:11     | 10059 ||| FLEEEEING.
 10062 | D:11     | 10062 ||| SWAPPING to +2 heavy war axe.
 10063 | D:11     | 10063 ||| FLEEEEING.
 10068 | D:11     | 10068 ||| FLEEEEING.
 10069 | D:11     | 10069 ||| FLEEEEING.
 10070 | D:11     | 10070 ||| FLEEEEING.
 10074 | D:11     | 10074 ||| FLEEEEING.
 10075 | D:11     | 10075 ||| FLEEEEING.
 10076 | D:11     | 10076 ||| FLEEEEING.
 10098 | D:11     | 10098 ||| DROPPING +0 war axe.
 10099 | D:11     | 10099 ||| READING scroll of brand weapon.
 10099 | D:11     | 10099 ||| BRANDING +2 heavy war axe.
 10100 | D:11     | 10100 ||| DROPPING +9 hand axe "Tudd" {elec, rC+ Str+4}.
 10267 | D:11     | 10267 ||| PLANNING LAIR
 10313 | Lair:1   | Entered Level 1 of the Lair of Beasts
 10345 | Lair:1   | 10345 ||| Stepping ~*~*~tactically~*~*~ (hiding).
 10442 | Lair:1   | 10442 ||| Stepping ~*~*~tactically~*~*~ (stealth).
 10444 | Lair:1   | 10444 ||| Stepping ~*~*~tactically~*~*~ (stealth).
 10580 | Lair:1   | 10580 ||| INVOKING Heroism.
 10618 | Lair:1   | 10618 ||| INVOKING Heroism.
 10637 | Lair:1   | 10637 ||| Stepping ~*~*~tactically~*~*~ (stealth).
 10725 | Lair:1   | Noticed a death yak
 10726 | Lair:1   | 10726 ||| INVOKING Heroism.
 10727 | Lair:1   | 10727 ||| INVOKING Finesse.
 10730 | Lair:1   | Noticed a death yak
 10731 | Lair:1   | 10731 ||| Stepping ~*~*~tactically~*~*~ (stealth).
 10735 | Lair:1   | Noticed a death yak
 10736 | Lair:1   | Killed a death yak
 10740 | Lair:1   | Noticed a death yak
 10757 | Lair:1   | Killed a death yak
 10767 | Lair:1   | Killed a death yak
 10773 | Lair:1   | Killed a death yak
 10774 | Lair:1   | Reached skill level 13 in Axes
 10774 | Lair:1   | Reached XP level 13. HP: 82/82 MP: 15/20
 10865 | Lair:1   | 10865 ||| INVOKING Heroism.
 11268 | Lair:2   | 11268 ||| Stepping ~*~*~tactically~*~*~ (stealth).
 11269 | Lair:2   | 11269 ||| Stepping ~*~*~tactically~*~*~ (stealth).
 11271 | Lair:2   | 11271 ||| Stepping ~*~*~tactically~*~*~ (stealth).
 11272 | Lair:2   | 11272 ||| INVOKING Heroism.
 11273 | Lair:2   | 11273 ||| Stepping ~*~*~tactically~*~*~ (stealth).
 11274 | Lair:2   | 11274 ||| INVOKING Finesse.
 11306 | Lair:2   | Reached skill level 9 in Armour
 11362 | Lair:2   | 11362 ||| Stepping ~*~*~tactically~*~*~ (stealth).
 11411 | Lair:2   | Received a gift from Okawaru
 11462 | Lair:2   | Found a staircase to the Snake Pit.
 12122 | Lair:2   | 12122 ||| Stepping ~*~*~tactically~*~*~ (stealth).
 12291 | Lair:2   | 12291 ||| READING scroll labelled NAGEOTS VEICS.
 12317 | Lair:3   | 12317 ||| INVOKING Heroism.
 12318 | Lair:3   | 12318 ||| SWAPPING to +0 hand axe of flaming.
 12324 | Lair:3   | 12324 ||| SWAPPING to +2 war axe of protection.
 12447 | Lair:3   | 12447 ||| Stepping ~*~*~tactically~*~*~ (stealth).
 12449 | Lair:3   | 12449 ||| Stepping ~*~*~tactically~*~*~ (stealth).
 12579 | Lair:3   | 12579 ||| INVOKING Heroism.
 12589 | Lair:3   | Reached skill level 14 in Axes
 12677 | Lair:3   | Received a gift from Okawaru
 12677 | Lair:3   | Found the +3 pair of seven-league boots {Rampage+∞}
 12749 | Lair:3   | Found a staircase to the Shoals.
 12757 | Lair:3   | 12757 ||| INVOKING Heroism.
 12970 | Lair:3   | 12970 ||| INVOKING Heroism.
 13199 | Lair:3   | 13199 ||| UPGRADING to +3 pair of seven-league boots
                  | {Rampage+∞}.
 13295 | Lair:4   | 13295 ||| INVOKING Heroism.
 13530 | Lair:4   | 13530 ||| Stepping ~*~*~tactically~*~*~ (stealth).
 13531 | Lair:4   | 13531 ||| INVOKING Heroism.
 13555 | Lair:4   | HP: 9/84 [cane toad (15)]
 13556 | Lair:4   | 13556 ||| READING 7 scrolls of teleportation.
 13556 | Lair:4   | Mangled by a cane toad

Levels and vault maps discovered:
D:1:      dpeg_arrival_pits, layout_basic, minmay_tetromino_t2
D:2:      cheibrodos_fertilizer, layout_loops_ring, basic_altar, serial_shops,
          shop, dk_noncrumbling_3, serial_park_tiny_pond,
          dreamdust_mushroom_princess, uniq_terence
D:3:      layout_loops_ring, mainiacjoe_overflow_chevrons,
          nicolae_hepliaklqana_hazy_memory, portal_sewer_entry_a
D:4:      layout_basic, gammafunk_temple_overflow_claw
D:5:      layout_basic, ashenzari_conservatory_becter, kennysheep_little_box,
          roderic_serpentine_path
D:6:      minmay_chambers_of_sixes, layout_basic,
          nicolae_yredelemnul_corpse_copse, uniq_edmund, uniq_blork_the_orc
D:7:      layout_layer_cave, nicolae_temple_entry_ecumenical,
          nicolae_shop_dragon_depot
D:8:      layout_basic, nicolae_gozag_seed_capital
D:9:      layout_loops_ring, uniq_erolcha, uniq_harold, uniq_amaemon
D:10:     layout_roguey, mainiacjoe_overflow_24_doors, minivault_16,
          kennysheep_generic_room_7
D:11:     layout_roguey, due_lair_maze_entry_diamond, david_orc_5,
          gammafunk_ghost_berserking_beasts
Temple:   nicolae_temple_slightly_damp_pantheon
Lair:1:   layout_loops_ring, chequers_serial_rivers_micro_c,
          chequers_serial_rivers_room_b, st_stairs_9
Lair:2:   layout_loops_ring, guppyfry_snake_entry_island
Lair:3:   layout_chaotic_city, minmay_shoals_entry_centaurs,
          infiniplex_staircase_pool
Lair:4:   layout_loops_ring

Skill      XL: |  1  2  3  4  5  6  7  8  9 10 11 12 13 |
---------------+----------------------------------------+-----
Axes           | 2 3 4 5 6 7 8 10 11 12 13 14 | 14.0
Fighting       | 4 5 6 8 9 10 11 | 11.0
Dodging        | 1 2 3 |  3.3
Throwing       | 2 4 5 |  5.2
Shields        | 4 5 6 7 |  7.0
Armour         | 4 5 7 8 10 | 10.0
Invocations    | 4 6 10 | 10.1

Action                     |  1- 3 |  4- 6 |  7- 9 | 10-12 | 13-15 || total
---------------------------+-------+-------+-------+-------+-------++-------
  Melee: War axe           |    92 |    37 |       |    54 |   230 ||   413
         Hand axe          |       |    85 |   221 |   336 |     4 ||   646
  Throw: Boomerang         |     9 |    67 |       |    88 |    22 ||   186
         Javelin           |       |       |    17 |    48 |    42 ||   107
 Invoke: Heroism           |       |       |       |    15 |     8 ||    23
         Finesse           |       |       |       |     1 |     1 ||     2
    Use: Potion            |     2 |     1 |     2 |       |       ||     5
         Scroll            |     1 |     8 |     8 |     6 |     2 ||    25
 Armour: Scale mail        |    28 |       |       |       |       ||    28
         Chain mail        |    18 |    49 |    84 |    68 |       ||   219
         Plate armour      |       |       |       |    51 |   145 ||   196
  Dodge: Dodged            |    44 |    22 |    55 |   110 |    80 ||   311
         Repelled          |       |       |     2 |     1 |     2 ||     5
  Block: Buckler           |    17 |    17 |    28 |    76 |    67 ||   205

Table legend:
 A = Non-vault XP
 B = Vault XP
 C = Vault XP percentage of total XP
 D = Non-vault monster count
 E = Vault monster count
 F = Vault count percentage of total count
                 A         B        C        D         E       F
            +---------+---------+-------+---------+---------+-------
      Total |   43941 |    8008 |  15.4 |     321 |     103 |  24.3
            +---------+---------+-------+---------+---------+-------
        D:1 |      50 |       2 |   3.8 |      24 |       2 |   7.7
        D:2 |      45 |     185 |  80.4 |      18 |      18 |  50.0
        D:3 |      77 |      15 |  16.3 |      28 |       3 |   9.7
        D:4 |     328 |       0 |   0.0 |      16 |       0 |   0.0
        D:5 |    1144 |       0 |   0.0 |      24 |       0 |   0.0
        D:6 |    1202 |    1351 |  52.9 |      32 |      14 |  30.4
        D:7 |    1127 |       0 |   0.0 |      23 |       0 |   0.0
        D:8 |    1484 |       0 |   0.0 |      15 |       0 |   0.0
        D:9 |    3622 |    2956 |  44.9 |      25 |       4 |  13.8
       D:10 |    3821 |     247 |   6.1 |      14 |       2 |  12.5
       D:11 |    6398 |    2124 |  24.9 |      23 |      32 |  58.2
     Lair:1 |    6370 |     590 |   8.5 |      18 |       2 |  10.0
     Lair:2 |    7232 |       0 |   0.0 |      19 |       0 |   0.0
     Lair:3 |    7175 |     340 |   4.5 |      25 |       3 |  10.7
     Lair:4 |    3866 |       0 |   0.0 |      17 |       0 |   0.0
      Sewer |       0 |     198 | 100.0 |       0 |      23 | 100.0
            +---------+---------+-------+---------+---------+-------
